 Dungeon Crawl Stone Soup version 0.30.1-9-gdf580d7c3d (webtiles) character file.

Game seed: 6825385115034510988

6549 Ivernyr the Blocker (level 11, -4/87 HPs)
             Began as a Formicid Fighter on Oct 7, 2023.
             Shot with an arrow by a centaur warrior (6 damage)
             ... on level 8 of the Dungeon.
             The game lasted 00:15:48 (7766 turns).

Ivernyr the Blocker (Formicid Fighter)              Turns: 7766, Time: 00:15:50

Health: -4/87      AC: 12    Str: 22    XL:     11   Next: 20%
Magic:  11/11      EV:  9    Int: 12    God:
Gold:   539        SH:  7    Dex: 15    Spells: 10/10 levels left

rFire   . . .        a - +9 hammer of Spite {speed, Drain rElec rPois Int+3}
rCold   + . .        c - +0 buckler
rNeg    . . .        b - +0 scale mail
rPois   +            (helmet unavailable)
rElec   +            f - +0 cloak {Stlth+}
rCorr   .            k - +1 pair of gloves
SInv    +            (no boots)
Will    +....        y - amulet of regeneration
Stlth   +            u - +4 ring of slaying
HPRegen 1.14/turn    m - ring of protection from cold
MPRegen 0.12/turn

%: no passive effects
@: no status effects
A: permanent stasis, dig shafts and tunnels, antennae 3, four strong arms
a: Dig, Shaft Self


You were on level 8 of the Dungeon.
You visited 1 branch of the dungeon, and saw 10 of its levels.

You collected 539 gold pieces.

Inventory:

Hand Weapons
 a - the +9 hammer of Spite (weapon) {speed, Drain rElec rPois Int+3}
   (You found it on level 2 of the Dungeon)

   Int:       It affects your intelligence (+3).
   rElec:     It insulates you from electricity.
   rPois:     It protects you from poison.
   Drain:     It drains your maximum health when unequipped.
 F - a +2 eveningstar of protection
Missiles
 K - 2 throwing nets
Armour
 b - a +0 scale mail (worn)
 c - a +0 buckler (worn)
 f - a +0 cloak of stealth (worn)
 k - a +1 pair of gloves (worn)
Jewellery
 m - a ring of protection from cold (right hand)
 q - a ring of resist corrosion
 t - a ring of flight
 u - a +4 ring of slaying (left hand)
 y - an amulet of regeneration (around neck)
 E - a +4 ring of protection
 J - a +4 ring of protection
Wands
 n - a wand of charming (14)
 D - a wand of flame (31)
 I - a wand of polymorph (5)
 N - a wand of quicksilver (4)
Scrolls
 g - 6 scrolls of amnesia {unknown}
 h - a scroll of blinking {unknown}
 i - 4 scrolls of teleportation {unknown}
 l - 3 scrolls of immolation {unknown}
 o - 6 scrolls of identify {unknown}
 p - 3 scrolls of vulnerability {unknown}
 r - 2 scrolls of torment {unknown}
 v - 2 scrolls of fog {unknown}
 C - 2 scrolls of enchant weapon {unknown}
 L - a scroll of enchant armour {unknown}
 M - a scroll of magic mapping {unknown}
 O - a scroll of fear {unknown}
Potions
 d - 3 potions of might
 e - 2 potions of berserk rage {unknown}
 j - a potion of resistance {unknown}
 s - a potion of haste {unknown}
 w - a potion of mutation {unknown}
 x - a potion of heal wounds {unknown}
 z - a potion of flight {unknown}
 A - 2 potions of invisibility
 B - a potion of brilliance {unknown}
 G - a potion of ambrosia {unknown}
 H - a potion of attraction {unknown}


   Skills:
 + Level 8.7 Fighting
 - Level 3.3 Long Blades
 * Level 10.0 Maces & Flails
 + Level 8.7 Armour
 + Level 10.4 Shields


You had 10 spell levels left.
You didn't know any spells.
Your spell library contained the following spells:

 Spells                   Type           Power      Damage    Failure   Level
 Dazzling Flash           Conj/Hex       0%         N/A       95%         3
 Agony                    Necr           0%         N/A       100%        5
 Arcjolt                  Conj/Air       0%         1d10      100%        5
 Silence                  Hex/Air        0%         N/A       100%        5
 Maxwell's Capacitive Co  Air            0%         ∞         100%        8
 Vhi's Electric Charge    Tloc/Air       Unusable   N/A       N/A         3

Dungeon Overview and Level Annotations

Branches:
Dungeon (10/15)            Temple (0/1) D:6
   Lair: D:8-11         Orc: D:9-12

Altars:
Ashenzari
Gozag
Hepliaklqana
Kikubaaqudgha
Okawaru
Trog
Yredelemnul
Zin

Annotations:
D:7 3 runed translucent doors, ruby's ghost, novice TrGl


Innate Abilities, Weirdness & Mutations

You cannot be hasted, slowed, berserked, paralysed or teleported.
You can dig through walls and to a lower floor.
You have a pair of large antennae on your head. (SInv)
Your four strong arms can wield two-handed weapons with a shield.


Message History

The tengu warrior claws you but does no damage.
You miss the tengu warrior.
The tengu warrior is heavily wounded.
You closely miss the tengu warrior.
The tengu warrior is heavily wounded.
An acid dragon comes into view. x2
The tengu warrior hits you with a +0 great sword!
The tengu warrior pecks you but does no damage.
The tengu warrior closely misses you.
You barely miss the tengu warrior.
The tengu warrior is heavily wounded.
The tengu warrior hits you with a +0 great sword!
The tengu warrior pecks you but does no damage.
The tengu warrior claws you but does no damage.
You bludgeon the tengu warrior!!
The tengu warrior is almost dead.
Unknown command.
You bludgeon the tengu warrior!!
You kill the tengu warrior!
Your Maces & Flails skill increases to level 10!
Found 11 gold pieces.
The centaur warrior hits you with a staff of conjuration!
The centaur warrior kicks you but does no damage.
The centaur warrior barely misses you.
The centaur warrior kicks you but does no damage.
Things that are here:
a +0 great sword; a +0 ring mail; a tengu corpse The centaur warrior wields a +0 shortbow.
The centaur warrior shoots an arrow.
The arrow hits you!!
* * * LOW HITPOINT WARNING * * *
Unknown command.
Are you sure you want to shaft yourself?
The human changes into a sky beast!
The centaur warrior shoots an arrow.
The arrow hits you.
* * * LOW HITPOINT WARNING * * *
The centaur warrior shoots an arrow.
The arrow hits you!
* * * LOW HITPOINT WARNING * * *
You begin to dig a shaft.
You continue digging a shaft.
The centaur warrior shoots an arrow.
The arrow hits you.
You die...

## ####........... $
..##...........
.##:.#...#........ {
{..##...#.......#
VYD#...##.......# #. ###
#l##...##.......# #..
..##c#.............. #.#
#.#)#...##......... #.#
##@##.............. #.#
##)##............... #.
#.###.###...............
{ .#
#.#.###......#.#..###.#
#.
#.####....#.#.#......#
.# #.#
#...#...#.#..##### #o
#.###.#....>.....#
.###.##..#########..#
#.##.##.## ####.)#


You could see a centaur warrior, a komodo dragon, an acid dragon and a sky beast
shaped shifter.

Vanquished Creatures
  Harold (D:10)
  A tengu warrior (D:8)
  The ghost of sneaky the Sneak, a novice OpFE of Elyvilon (D:6)
  2 kobold demonologists (D:9)
  Grinder (D:6)
  Prince Ribbit (D:6)
  A wraith (D:9)
  A wyvern (D:9)
  Edmund (D:5)
  2 steam dragons
  A water moccasin (D:8)
  A black bear (D:7)
  2 orc warriors
  3 ice beasts
  2 ogres (D:5)
  2 centaurs
  A phantom (D:4)
  7 kobold brigands
  4 bullfrogs
  A gnoll sergeant (D:6)
  4 scorpions
  3 electric eels (D:9)
  8 hounds
  A jelly (D:8)
  4 orc priests
  Crazy Yiuf (D:2)
  4 iguanas
  2 sleepcaps
  8 orc wizards
  5 gnolls (D:6)
  3 adders
  A shadow imp (D:5)
  A white imp (D:6)
  2 ufetubi
  2 worms (D:2)
  2 dart slugs
  18 orcs
  10 endoplasms
  5 giant cockroaches
  5 goblins
  9 hobgoblins
  A quokka (D:1)
  14 ball pythons
  5 bats
  3 frilled lizards
  26 kobolds
  4 rats
187 creatures vanquished.

Vanquished Creatures (others)
  Joseph (D:9)
  2 kobolds (D:9)
3 creatures vanquished.

Grand Total: 190 creatures vanquished

Notes
Turn   | Place    | Note
-------+----------+-------------------------------------------
     0 | D:1      | Ivernyr the Formicid Fighter began the quest for the Orb.
     0 | D:1      | Reached XP level 1. HP: 18/18 MP: 1/1
   192 | D:1      | Reached XP level 2. HP: 22/24 MP: 2/2
   443 | D:1      | Reached XP level 3. HP: 29/29 MP: 3/3
  1371 | D:2      | Reached XP level 4. HP: 34/37 MP: 4/4
  1621 | D:2      | Found a runed translucent door.
  1622 | D:2      | Noticed Crazy Yiuf
  2087 | D:2      | Killed Crazy Yiuf
  2088 | D:2      | Reached XP level 5. HP: 36/42 MP: 5/5
  2091 | D:2      | Identified the +9 hammer of Spite {speed, Drain rElec rPois
                  | Int+3}
  2987 | D:4      | Reached skill level 1 in Maces & Flails
  2987 | D:4      | Reached skill level 5 in Shields
  2993 | D:4      | Reached XP level 6. HP: 45/48 MP: 6/6
  3065 | D:4      | Found a basalt altar of Yredelemnul.
  3582 | D:4      | Reached XP level 7. HP: 55/55 MP: 7/7
  3870 | D:5      | Entered Level 5 of the Dungeon
  4079 | D:5      | Noticed Edmund
  4095 | D:5      | Killed Edmund
  4096 | D:5      | Reached skill level 5 in Fighting
  4096 | D:5      | Reached skill level 5 in Armour
  4228 | D:5      | Reached XP level 8. HP: 60/62 MP: 8/8
  4756 | D:5      | Reached skill level 5 in Maces & Flails
  5038 | D:6      | Found an ancient bone altar of Kikubaaqudgha.
  5080 | D:6      | Reached XP level 9. HP: 61/69 MP: 9/9
  5238 | D:6      | Found a runed translucent door.
  5262 | D:6      | Found an iron altar of Okawaru.
  5368 | D:6      | Found a glowing silver altar of Zin.
  5368 | D:6      | Noticed an angel
  5527 | D:6      | Found a staircase to the Ecumenical Temple.
  5527 | D:6      | Noticed Grinder
  5534 | D:6      | Killed Grinder
  5915 | D:6      | Found a broken altar of Ashenzari.
  5915 | D:6      | Noticed Prince Ribbit
  5916 | D:6      | Found an opulent altar of Gozag.
  5924 | D:6      | Killed Prince Ribbit
  5986 | D:6      | Noticed sneaky's ghost (novice OpFE)
  6001 | D:6      | Killed sneaky's ghost
  6044 | D:7      | Reached XP level 10. HP: 69/79 MP: 10/10
  6542 | D:7      | Found a runed translucent gate.
  6542 | D:7      | Found an opulent altar of Gozag.
  6543 | D:7      | Found a runed translucent gate.
  6544 | D:7      | Found a runed translucent gate.
  6545 | D:7      | Noticed a cyclops
  6545 | D:7      | Noticed ruby's ghost (novice TrGl)
  6545 | D:7      | Noticed a boulder beetle
  6632 | D:7      | Found a bloodstained altar of Trog.
  6829 | D:8      | You fall into a shaft and drop 2 floors!
  6829 | D:10     | Entered Level 10 of the Dungeon
  6906 | D:10     | Noticed Harold
  6923 | D:10     | Killed Harold
  7094 | D:9      | Found a hazy altar of Hepliaklqana.
  7115 | D:9      | Noticed a kobold demonologist
  7116 | D:9      | Noticed a kobold demonologist
  7129 | D:9      | Noticed an orange demon
  7130 | D:9      | Killed a kobold demonologist
  7139 | D:9      | Noticed an ice devil
  7139 | D:9      | Killed a kobold demonologist
  7243 | D:9      | Noticed Joseph
  7273 | D:9      | Killed Joseph
  7274 | D:9      | Reached skill level 10 in Shields
  7274 | D:9      | Reached XP level 11. HP: 42/87 MP: 11/11
  7751 | D:8      | Noticed a tengu warrior
  7752 | D:8      | Noticed a centaur warrior
  7762 | D:8      | Killed a tengu warrior
  7763 | D:8      | Reached skill level 10 in Maces & Flails
  7765 | D:8      | HP: 1/87 [centaur warrior/arrow (9)]
  7766 | D:8      | Shot with an arrow by a centaur warrior

Illustrated notes

Levels and vault maps discovered:
D:1:      minmay_arrival_shattered_statue, layout_loops_corners
D:2:      layout_loops_corners, minmay_shallow_snake_nest,
          uniq_crazy_yiuf_cottage
D:3:      layout_loops_ring, serial_park_tiny_2
D:4:      layout_basic, yredelemnul_altar_generic
D:5:      layout_basic, minmay_liquid_box, kennysheep_flooded_box, uniq_edmund
D:6:      nicolae_BIG_FREAKIN_CUBE, layout_basic, zin_angel,
          mainiacjoe_overflow_brackets,
          mainiacjoe_overflow_concentric_impassable,
          gammafunk_temple_overflow_pools, ebering_ghost_reflecting_pool,
          uniq_grinder, uniq_prince_ribbit1
D:7:      layout_loops_ring, kennysheep_little_box, ebering_ghost_gozag
D:8:      minmay_the_grid_triangle_9x9_rhombus_thin
          [minmay_the_grid_triangle_9x9_tough_junction,
          minmay_the_grid_triangle_9x9_prize_schism,
          minmay_the_grid_triangle_9x9_thin_v,
          minmay_the_grid_triangle_9x9_minimal], layout_basic,
          mainiacjoe_overflow_alcove_2
D:9:      nzn_winding_woodlands_three_and_one [nzn_winding_woodlands_5x15_cabin,
          nzn_winding_woodlands_5x15_sidewinder,
          nzn_winding_woodlands_5x15_default,
          nzn_winding_woodlands_center_lodge], layout_loops_ring,
          lemuel_doored_altar, hangedman_decor_growths, water_boxes_lemuel,
          uniq_joseph
D:10:     layout_loops_cross, mainiacjoe_overflow_tiny_flanked, led_sif_pool,
          dpeg_oklobed_lair, serial_shops, shop, uniq_harold

Skill      XL: |  1  2  3  4  5  6  7  8  9 10 11 |
---------------+----------------------------------+-----
Long Blades    | 3 |  3.3
Armour         | 4 5 6 7 8 |  8.7
Fighting       | 4 5 6 7 8 |  8.7
Maces & Flails | 1 2 4 5 7 9 10 | 10.0
Shields        | 5 6 7 8 10 | 10.4

Action                     |  1- 3 |  4- 6 |  7- 9 | 10-12 || total
---------------------------+-------+-------+-------+-------++-------
  Melee: Long sword        |    99 |    28 |       |       ||   127
         Mace              |       |    43 |   197 |   183 ||   423
Ability: Shaft Self        |       |       |       |     2 ||     2
 Armour: Scale mail        |    42 |    26 |    77 |    69 ||   214
  Dodge: Dodged            |    48 |    33 |    71 |    51 ||   203
  Block: Buckler           |    28 |    15 |    51 |    41 ||   135
